 Dungeon Crawl Stone Soup version 0.31-a0-182-gc5ef74bbde (webtiles) character file.

Game seed: 11570515980088013708

272 qw the Chopper (level 6, 0/38 HPs)
             Began as a Gargoyle Fighter on June 20, 2023.
             Slain by an orc
             ... wielding a +2 trident of freezing
              (3 damage)
             ... on level 4 of the Dungeon.
             The game lasted 00:01:41 (2990 turns).

qw the Chopper (Gargoyle Fighter)                   Turns: 2990, Time: 00:01:42

Health: 0/38       AC: 14    Str: 22    XL:     6   Next: 23%
Magic:  6/6        EV:  8    Int:  8    God:
Gold:   233        SH:  4    Dex:  9    Spells: 5/5 levels left

rFire   . . .        i - +0 war axe (vamp)
rCold   . . .        c - +0 buckler
rNeg    + . .        n - +0 chain mail
rPois   inf          h - +0 helmet
rElec   +            (no cloak)
rCorr   .            (no gloves)
SInv    .            (no boots)
Will    .....        (no amulet) Stlth
                     (no ring)
HPRegen 0.26/turn    (no ring)
MPRegen 0.10/turn

%: no passive effects
@: no status effects
A: sickness immunity, AC +4, negative energy resistance 1, electricity
resistance, torment resistance 1, petrification resistance
a: no special abilities


You were on level 4 of the Dungeon.
You visited 1 branch of the dungeon, and saw 4 of its levels.

You collected 233 gold pieces.


Innate Abilities, Weirdness & Mutations

You are immune to sickness and miasma.
Your stone body is resilient. (AC +4)
You are immune to poison.
You resist negative energy. (rN+)
You are resistant to electric shocks. (rElec)
You are resistant to unholy torment.
You are immune to petrification.


   Skills:
 - Level 4.1 Fighting
 + Level 5.2 Axes
 - Level 1.1 Throwing
 - Level 3.2 Armour
 - Level 3.2 Shields


You had 5 spell levels left.
You didn't know any spells.
Your spell library was empty.

Inventory:

Hand Weapons
 b - a +0 heavy hand axe
 i - a +0 vampiric war axe (weapon)
 m - a +0 flail
Missiles
 o - 4 javelins (quivered)
Armour
 c - a +0 buckler (worn)
 h - a +0 helmet (worn)
 k - a +0 cloak
 n - a +0 chain mail (worn)
Scrolls
 a - 2 scrolls of identify
Potions
 d - a potion of might
 e - a potion of degeneration {unknown}
 f - a potion of resistance {unknown}
 g - a potion of attraction {unknown}
 j - a potion of haste
 l - 2 potions of curing
 p - a potion of invisibility {unknown}
 q - a potion of lignification {unknown}
 r - a potion of heal wounds {unknown}

Dungeon Overview and Level Annotations

Branches:
Dungeon (4/15)
 Temple: D:4-7

Altars:
Wu Jian


Message History

Reactivating autopickup.
You feel a bit more experienced. The orc hits you but does no damage.
You closely miss the orc priest. The orc hits you but does no damage.
You block the orc priest's attack.
The orc priest looks satisfied for a moment.
The orc priest casts a cantrip, but nothing happens.
The orc closely misses you.
You barely miss the orc priest. The orc closely misses you.
The orc priest hits you with a +0 hand axe.
You hit the orc priest but do no damage.
You block the orc's attack.
The orc priest hits you but does no damage.
You closely miss the orc priest. The orc hits you but does no damage.
The orc priest hits you but does no damage.
The orc barely misses you.
The orc priest hits you with a +0 hand axe.
You hit the orc priest.
The orc priest is moderately wounded.
The orc priest barely misses you. The orc hits you but does no damage.
You slash the orc priest!
You feel better.
The orc priest is almost dead.
The orc priest mumbles some strange prayers to Beogh against you.
Beogh smites you! The orc barely misses you.
The orc priest calls upon Beogh to heal the orc priest.
The orc priest is healed somewhat.
You hit the orc priest.
You feel better.
The orc priest is almost dead.
The orc hits you but does no damage. You block the orc priest's attack.
You barely miss the orc priest.
The orc priest is severely wounded.
The orc closely misses you.
The orc priest invokes the aid of Beogh against you.
Beogh smites you!
The orc priest hits you with a +0 hand axe.
The orc priest looks braver for a moment.
The orc hits you from afar with a +2 trident of freezing.
You die...

.# ####<##....# .#
#..#.##....# .#
#.##.##....# .
####.##.####### ..
........# ... ###...###
.... # #...# .....
###...############oo[...
#..........#....@ooo....
#.#.######.#.#####o.....
#.#......#.#.# .....
.........#.#.# ###.
.......###'#.#
.........%...#
..........)..#
.............#
.......##....#


You could see 2 orc priests and 4 orcs.

Vanquished Creatures
  A hound (D:4)
  A gnoll bouda (D:4)
  3 orc wizards (D:4)
  4 gnolls
  3 adders
  6 worms
  2 dart slugs
  5 orcs (D:3)
  7 endoplasms
  5 giant cockroaches
  5 goblins
  9 hobgoblins
  10 jackals
  7 kobolds
  2 quokkas
  7 ball pythons
  5 bats
  5 frilled lizards
  A rat (D:1)
88 creatures vanquished.

Notes
Turn   | Place    | Note
-------+----------+-------------------------------------------
     0 | D:1      | qw the Gargoyle Fighter began the quest for the Orb.
     0 | D:1      | Reached XP level 1. HP: 14/14 MP: 1/1
     0 | D:1      | 0 ||| qw: Version: 0.3-a-9-g12657ce
     0 | D:1      | 0 ||| qw: Game counter: 1263
     0 | D:1      | 0 ||| qw: Always use a shield: true
     0 | D:1      | 0 ||| qw: God list: Okawaru
     0 | D:1      | 0 ||| qw: Allow faded altars: false
     0 | D:1      | 0 ||| qw: Do Orc after D:15 true
     0 | D:1      | 0 ||| qw: Do second Lair branch before Depths: true
     0 | D:1      | 0 ||| qw: Lair rune preference: random
     0 | D:1      | 0 ||| qw: Plans: Normal, Zot:1-4, Slime:5, God:TSO, Crypt,
                  | Tomb, Abyss, Pan, Hells, Win
     0 | D:1      | 0 ||| PLANNING D:1-11
    16 | D:1      | Reached skill level 2 in Axes
    16 | D:1      | 16 ||| FLEEEEING.
    81 | D:1      | Reached XP level 2. HP: 19/19 MP: 2/2
    90 | D:1      | 90 ||| Stepping ~*~*~tactically~*~*~ (stealth).
   194 | D:1      | 194 ||| Stepping ~*~*~tactically~*~*~ (stealth).
   249 | D:1      | 249 ||| Stepping ~*~*~tactically~*~*~ (stealth).
   291 | D:1      | Reached skill level 3 in Axes
   467 | D:1      | Reached XP level 3. HP: 19/23 MP: 3/3
   533 | D:1      | 533 ||| DROPPING +0 club.
   814 | D:1      | 814 ||| UPGRADING to +0 chain mail.
   824 | D:1      | 824 ||| DROPPING +0 scale mail.
   825 | D:1      | 825 ||| READING scroll labelled NICREI YCAN.
   829 | D:1      | 829 ||| READING scroll labelled KYHUZX DUIR.
   830 | D:1      | 830 ||| READING 2 scrolls labelled GEF LIVA UNT.
   831 | D:1      | 831 ||| READING scroll of brand weapon.
   831 | D:1      | 831 ||| BRANDING +0 war axe of protection.
   832 | D:1      | 832 ||| READING scroll labelled UDWEYPSE SIMN.
   833 | D:1      | 833 ||| READING scroll labelled EGAWIOTHIR.
   834 | D:1      | 834 ||| DRINKING 2 inky potions.
  1071 | D:2      | 1071 ||| Stepping ~*~*~tactically~*~*~ (hiding).
  1073 | D:2      | 1073 ||| Stepping ~*~*~tactically~*~*~ (hiding).
  1075 | D:2      | 1075 ||| Stepping ~*~*~tactically~*~*~ (hiding).
  1076 | D:2      | 1076 ||| Stepping ~*~*~tactically~*~*~ (hiding).
  1107 | D:2      | Reached XP level 4. HP: 24/28 MP: 4/4
  1336 | D:2      | Reached skill level 4 in Axes
  1360 | D:2      | 1360 ||| UPGRADING to +0 helmet.
  1365 | D:2      | 1365 ||| READING scroll labelled MOFFEI WIVVAK.
  1366 | D:2      | 1366 ||| READING scroll labelled RIAS XUKLAL.
  1367 | D:2      | 1367 ||| READING scroll labelled CEZYUTHRATO.
  1368 | D:2      | 1368 ||| DRINKING 2 white potions.
  1472 | D:2      | 1472 ||| DROPPING potion of berserk rage.
  1500 | D:3      | 1500 ||| Stepping ~*~*~tactically~*~*~ (hiding).
  1548 | D:3      | 1548 ||| Stepping ~*~*~tactically~*~*~ (hiding).
  1737 | D:3      | Reached skill level 1 in Throwing
  1821 | D:3      | Found an ornate altar of the Wu Jian Council.
  2174 | D:3      | Reached XP level 5. HP: 28/32 MP: 5/5
  2336 | D:3      | 2336 ||| DROPPING +0 flail of distortion.
  2408 | D:3      | 2408 ||| DRINKING 2 smoky black potions.
  2466 | D:4      | Found the +0 toga "Victory" {*Victory Clar}
  2552 | D:4      | 2552 ||| Stepping ~*~*~tactically~*~*~ (stealth).
  2575 | D:4      | 2575 ||| Stepping ~*~*~tactically~*~*~ (stealth).
  2576 | D:4      | 2576 ||| Stepping ~*~*~tactically~*~*~ (stealth).
  2629 | D:4      | 2629 ||| Stepping ~*~*~tactically~*~*~ (stealth).
  2849 | D:4      | Reached skill level 5 in Axes
  2864 | D:4      | Reached XP level 6. HP: 28/38 MP: 6/6
  2990 | D:4      | HP: 6/38 [orc priest/divine providence (12)]
  2990 | D:4      | Slain by an orc

Levels and vault maps discovered:
D:1:      saegor_arrival_simple_e, layout_basic
D:2:      layout_rooms, minmay_tromino_i4
D:3:      layout_basic, nzn_wu_jian_contemplation
D:4:      layout_basic, minitemple, kennysheep_generic_room_7

Skill      XL: |  1  2  3  4  5  6 |
---------------+-------------------+-----
Axes           | 2 3 4 5 |  5.2
Throwing       | 1 |  1.1
Fighting       | 4 |  4.1
Armour         | |  3.2
Shields        | |  3.2

Action                     |  1- 3 |  4- 6 || total
---------------------------+-------+-------++-------
  Melee: War axe           |    94 |   176 ||   270
  Throw: Javelin           |       |    35 ||    35
    Use: Scroll            |     6 |     3 ||     9
         Potion            |     1 |     2 ||     3
 Armour: Scale mail        |    25 |       ||    25
         Chain mail        |    21 |   139 ||   160
  Dodge: Dodged            |    40 |    70 ||   110
  Block: Buckler           |    14 |    46 ||    60

Table legend:
 A = Non-vault XP
 B = Vault XP
 C = Vault XP percentage of total XP
 D = Non-vault monster count
 E = Vault monster count
 F = Vault count percentage of total count
                 A         B        C        D         E       F
            +---------+---------+-------+---------+---------+-------
      Total |     366 |      23 |   5.9 |      83 |       5 |   5.7
            +---------+---------+-------+---------+---------+-------
        D:1 |      48 |       0 |   0.0 |      23 |       0 |   0.0
        D:2 |      33 |      19 |  36.5 |      18 |       3 |  14.3
        D:3 |      79 |       0 |   0.0 |      24 |       0 |   0.0
        D:4 |     206 |       4 |   1.9 |      18 |       2 |  10.0
            +---------+---------+-------+---------+---------+-------
